 Dungeon Crawl Stone Soup version 0.18-a0-1542-g9c1a92e (webtiles) character file.

124336 4thArraOfDagon the Severer (level 16, -6/152 HPs)
             Began as a Naga Berserker on Mar 10, 2016.
             Was a High Priest of Trog.
             Mangled by a naga ritualist
             ... wielding a +3 scimitar of venom
              (9 damage)
             ... on level 3 of the Snake Pit.
             The game lasted 01:10:58 (11779 turns).

4thArraOfDagon the Severer (Naga Berserker)        Turns: 11779, Time: 01:10:59

Health: -6/152     AC: 13    Str: 23    XL:     16   Next: 92%
Magic:  15/20      EV:  8    Int: 13    God:    Trog [*****.]
Gold:   1375       SH:  2    Dex: 10    Spells: 0 memorised, 15 levels left

rFire  . . .     SeeInvis +     O - +1 battleaxe (elec)
rCold  + . .     Gourm    .     I - +2 troll leather armour
rNeg   + . .     Faith    .     (shield currently unavailable)
rPois  +         Spirit   .     (helmet restricted)
rElec  .         Dismiss  .     (no cloak)
rCorr  .         Reflect  +     N - +0 pair of gloves (curse)
SustAt .         Harm     .     (no barding)
MR     ++++.     Rnd*Tele +     x - +2 amulet of reflection
Stlth  +.........               K - +3 ring of dexterity
                                P - ring "Hoakhuir" {*Contam rPois rC+ rN+ Str+2}

@: lethally poisoned (-6 -> -6), exhausted, regenerating, slowed, constricted,
studying 2 skills, very slow, incredibly resistant to hostile enchantments, very
unstealthy
A: beak, see invisible, clumsy 2, deformed body, poison resistance, slowness 2,
slow metabolism 1, spit poison 2, teleportitis 1, subdued magic 1, MP-powered
wands, constrict 1, AC +5
a: Spit Poison, Berserk, Trog's Hand, Brothers in Arms, Burn Spellbooks,
Renounce Religion


You were on level 3 of the Snake Pit.
You worshipped Trog.
Trog was extremely pleased with you.
You were hungry.

You visited 4 branches of the dungeon, and saw 25 of its levels.
You also visited: Volcano.

You collected 2209 gold pieces.
You spent 834 gold pieces at shops.

Inventory:

Hand Weapons
 C - a +2 battleaxe of flaming
 O - a +1 battleaxe of electrocution (weapon)
 V - a +4 battleaxe of protection
Missiles
 b - a throwing net (quivered)
Armour
 y - the +0 helmet "Hosixka" {Int+4 Dex-4 Slay+5 Stlth+}
   (You found it on level 7 of the Dungeon)

   It affects your intelligence (+4).
   It affects your dexterity (-4).
   It affects your accuracy and damage with ranged weapons and melee attacks
   (+5).
   It makes you more stealthy.
 I - a +2 troll leather armour (worn)
 M - a +0 plate armour of fire resistance
 N - a cursed +0 pair of gloves (worn)
Jewellery
 x - a +2 amulet of reflection (around neck)
 K - a +3 ring of dexterity (right hand)
 P - the ring "Hoakhuir" (left hand) {*Contam rPois rC+ rN+ Str+2}
   (You found it on level 1 of the Snake Pit)

   [ring of protection from cold]

   It affects your strength (+2).
   It protects you from cold.
   It protects you from poison.
   It protects you from negative energy.
   It causes magical contamination when unequipped.
Wands
 i - a wand of disintegration (18/24)
 j - a wand of paralysis (12/24)
 q - a wand of digging (11/24)
 v - a wand of iceblast (1/15)
Scrolls
 a - 3 scrolls of enchant weapon
 d - 5 scrolls of random uselessness {unknown}
 e - 3 scrolls of fear {unknown}
 k - 9 scrolls of remove curse {unknown}
 l - 3 scrolls of magic mapping
 m - 3 scrolls of recharging
 w - a scroll of immolation
 B - 2 scrolls of torment
 T - 2 scrolls of fog
 Y - 2 scrolls of teleportation
Potions
 f - 8 potions of curing
 u - a potion of flight
 z - 2 potions of might
 E - 4 potions of berserk rage
 L - a potion of lignification
 Q - 2 potions of ambrosia
 R - a potion of brilliance
Books
 p - the Guide on the Escort
   (You found it on level 2 of the Orcish Mines)

   Spells                             Type                      Level
   a - Summon Small Mammal            Summoning                    1
   b - Summon Guardian Golem          Hexes/Summoning              3
   c - Summon Lightning Spire         Summoning/Air                4
   d - Summon Forest                  Summoning/Translocation      5
   Trog disapproves of the use of such an item.
 r - a book of Unlife

   Spells                             Type                      Level
   a - Recall                         Summoning/Translocation      3
   b - Animate Dead                   Necromancy                   4
   c - Control Undead                 Necromancy                   4
   d - Cigotuvi's Embrace             Necromancy                   5
   e - Death Channel                  Necromancy                   6
   f - Simulacrum                     Ice/Necromancy               6
   Trog disapproves of the use of such an item.
 s - a book of Geomancy

   Spells                             Type                      Level
   a - Sandblast                      Earth                        1
   b - Passwall                       Transmutation/Earth          2
   c - Stone Arrow                    Conjuration/Earth            3
   d - Petrify                        Transmutation/Earth          4
   e - Lee's Rapid Deconstruction     Earth                        5
   Trog disapproves of the use of such an item.
 t - Xiolas's Guide on Cankerous Attacks
   (You found it on level 8 of the Lair of Beasts)

   Spells                             Type                      Level
   a - Sting                          Conjuration/Poison           1
   b - Cure Poison                    Poison                       2
   c - Mephitic Cloud                 Conjuration/Poison/Air       3
   d - Dazzling Spray                 Conjuration/Hexes            3
   Trog disapproves of the use of such an item.
 H - a manual of Stealth
 J - Mubiud's Collected Works on the Escort
   (You found it on level 2 of the Orcish Mines)

   Spells                             Type                      Level
   a - Summon Small Mammal            Summoning                    1
   b - Summon Forest                  Summoning/Translocation      5
   c - Shadow Creatures               Summoning                    6
   Trog disapproves of the use of such an item.
 S - a book of Necromancy

   Spells                             Type                      Level
   a - Pain                           Necromancy                   1
   b - Animate Skeleton               Necromancy                   1
   c - Vampiric Draining              Necromancy                   3
   d - Regeneration                   Charms/Necromancy            3
   e - Animate Dead                   Necromancy                   4
   f - Control Undead                 Necromancy                   4
   Trog disapproves of the use of such an item.
 W - a book of Debilitation

   Spells                             Type                      Level
   a - Corona                         Hexes                        1
   b - Slow                           Hexes                        2
   c - Gell's Gravitas                Hexes/Translocation          3
   d - Inner Flame                    Hexes/Fire                   3
   e - Cause Fear                     Hexes                        4
   f - Leda's Liquefaction            Hexes/Earth                  4
   Trog disapproves of the use of such an item.
 Z - a manual of Conjurations Trog disapproves of the use of such an item.
Miscellaneous
 h - a lamp of fire
 n - a stone of tremors
 A - a sack of spiders {used: 7}
 U - a plain deck of changes
 X - a sack of spiders
Comestibles
 c - 8 bread rations
 g - 16 fruits
 D - 8 meat rations
 F - 8 royal jellies


   Skills:
 + Level 11.7 Fighting
 * Level 19.5 Axes
 + Level 12.4 Armour
 - Level 6.1 Dodging
 - Level 6.2 Evocations


You had 15 spell levels left.
You didn't know any spells.

Dungeon Overview and Level Annotations

Branches:
Dungeon (11/15)              Lair (8/8) D:11         Shoals (0/4) Lair:3
  Snake (4/4) Lair:5        Slime (0/6) Lair:7          Orc (2/2) D:9
    Elf (0/3) Orc:2
 Temple: D:4-7

Altars:
Dithmenos
Makhleb
Pakellas
Xom
Beogh
Jiyva

Shops:
D:6 [   Orc:1 *   Orc:2 =[*(   Snake:2 *

Annotations:
D:3 Kidiri's ghost, amateur DEFE
D:4 Tomstefer's ghost, amateur TeBe
D:6 TEMPLE
D:7 Prince Ribbit
D:8 Joseph
Lair:4 Galewind's ghost, journeyman DECj
Snake:2 exclusion: 3 oklob plants


Innate Abilities, Weirdness & Mutations

You cannot wear boots.
Your serpentine skin is tough (AC +5).
You have supernaturally acute eyesight.
Armour fits poorly on your strangely shaped body.
Your system is resistant to poisons.
You cover ground very slowly.
You have a slow metabolism.
You can spit poison.
You can use your snake-like lower body to constrict enemies.
You have a beak for a mouth.
You are very clumsy. (Dex -4)
You are occasionally teleported next to monsters.
Your spells are a little easier to cast, but a little less powerful.
You expend magic power (3 MP) to strengthen your wands.


Message History

Unknown command.
Unknown command.
Unknown command.
Unknown command.
Your troll goes berserk!
You are feeling hungry.
You feel sick. The anaconda bites you!
* * * LOW HITPOINT WARNING * * *
x2 The anaconda constricts you.
The black mamba bites you!
* * * LOW HITPOINT WARNING * * *
The mana viper bites you!
* * * LOW HITPOINT WARNING * * *
You feel your power leaking away. The black mamba bites your ogre.
Your ogre is poisoned.
The black mamba poisons your ogre! The anaconda bites you.
* * * LOW HITPOINT WARNING * * *
x2 The anaconda constricts you.
The naga ritualist hits you with a scimitar of venom!
You die...

#<........#
#.....>...#
#.......$.##
#.<........
#........#
#......#
##....#####
#.T@SO....#
#..SSNS....#
#..........#
#..........#
##..........
##........#
#..#######
.. #..# ..
##


You could see an anaconda, a naga ritualist, a mana viper, 2 black mambas, a
friendly troll (berserk) and a friendly ogre (berserk).

Vanquished Creatures
  2 greater nagas
  3 orc warlords (Orc:2)
  Aizul (Snake:1)
  A stone giant (Orc:2)
  3 naga warriors
  3 hydras
  A catoblepas (Lair:8)
  6 anacondas
  11 death yaks (Lair:8)
  A deep troll shaman (Lair:8)
  3 naga sharpshooters
  4 orc high priests (Orc:2)
  5 shock serpents
  A salamander mystic (Snake:2)
  2 sea snakes
  2 lindwurms
  A naga ritualist (Snake:1)
  5 orc knights
  A griffon (Lair:6)
  A hill giant (D:10)
  7 orc sorcerers (Orc:2)
  2 mana vipers
  4 salamanders
  A manticore (Volcano)
  6 naga magi
  29 black mambas
  17 elephants
  2 sirens (Lair:3)
  2 guardian serpents
  A torpor snail (Lair:7)
  A gargoyle (D:11)
  8 spiny frogs
  8 komodo dragons
  A centaur skeleton (D:11)
  2 rime drakes
  2 merfolk (Lair:3)
  7 trolls
  A queen bee (D:9)
  2 polar bears
  17 blink frogs
  A two-headed ogre (D:9)
  A wraith (D:8)
  5 fire bats (Volcano)
  34 yaks
  4 hippogriffs
  8 basilisks
  32 wolves
  A mottled dragon (Volcano)
  31 nagas
  Duvessa (D:7)
  20 water moccasins
  A hell hound (Volcano)
  40 orc warriors
  2 ice beasts
  14 porcupines
  3 sky beasts
  4 black bears
  A phantom (D:9)
  2 necrophages (D:9)
  13 ogres
  15 crocodiles
  Blork the orc (D:6)
  6 giant frogs
  A gnoll sergeant (Orc:1)
  A water moccasin zombie (D:8)
  Dowan (D:7)
  A scorpion (Lair:4)
  23 killer bees
  An electric eel (Lair:5)
  2 jellies
  A crimson imp (D:10)
  2 lava snakes (Lair:5)
  A giant frog zombie (D:6)
  2 hounds
  2 giant frog skeletons
  17 orc priests
  Ijyb (D:3)
  12 iguanas
  10 orc wizards
  Natasha (D:3)
  3 worker ants
  47 sheep
  A hound zombie (D:7)
  A mummy (D:6)
  2 worker ant zombies
  5 gnolls (Orc:1)
  A howler monkey skeleton (D:10)
  5 adders
  63 river rats
  2 worms
  2 giant geckos
  74 orcs
  3 bats
  3 giant cockroaches
  A goblin (D:3)
  2 hobgoblins
  3 jackals (D:10)
  A quokka (D:7)
  2 ball pythons
  A giant gecko skeleton (D:4)
  A giant newt (D:3)
  A hobgoblin zombie (D:6)
  A jackal zombie (D:6)
  A kobold (D:3)
  3 orc zombies (D:6)
  A quokka zombie (D:8)
  3 rats
  6 fungi
  4 plants
739 creatures vanquished.

Vanquished Creatures (collateral kills)
  An orc high priest (Orc:2)
  A hill giant (D:10)
  An orc knight (Orc:1)
  An orc sorcerer (Orc:2)
  A troll (Orc:2)
  A warg (Orc:2)
  3 orc warriors (Orc:2)
  An orc wizard (Orc:2)
  5 orcs (Orc:2)
15 creatures vanquished.

Vanquished Creatures (others)
  A killer bee (D:10)
  A bush (D:11)
  15 fungi
  18 plants
35 creatures vanquished.

Grand Total: 789 creatures vanquished

Notes
Turn   | Place    | Note
--------------------------------------------------------------
     0 | D:1      | 4thArraOfDagon the Naga Berserker began the quest for the Orb.
     0 | D:1      | Reached XP level 1. HP: 21/21 MP: 1/1
   138 | D:3      | Noticed Kidiri's ghost (amateur DEFE)
   149 | D:3      | Reached XP level 2. HP: 28/28 MP: 2/2
   170 | D:3      | Found a shimmering altar of Xom.
   188 | D:3      | Found a shadowy altar of Dithmenos.
   312 | D:3      | Noticed Natasha
   318 | D:3      | Killed Natasha
   318 | D:3      | Reached skill level 4 in Axes
   318 | D:3      | Reached XP level 3. HP: 34/34 MP: 3/3
   369 | D:4      | Reached XP level 4. HP: 42/42 MP: 4/4
   396 | D:4      | Reached ** piety under Trog
   396 | D:4      | Reached XP level 5. HP: 35/49 MP: 5/5
   474 | D:4      | Reached skill level 5 in Axes
   534 | D:3      | Noticed Ijyb
   542 | D:3      | Killed Ijyb
   624 | D:4      | You fall through a shaft for 2 floors!
   641 | D:5      | Entered Level 5 of the Dungeon
   679 | D:4      | Noticed Tomstefer's ghost (amateur TeBe)
   745 | D:6      | Reached XP level 6. HP: 56/56 MP: 6/6
   802 | D:6      | Noticed a sky beast
   812 | D:6      | Killed a sky beast
   812 | D:6      | Reached skill level 6 in Axes
   820 | D:6      | Found Oqoiwkof's Armour Emporium.
   872 | D:6      | Noticed an orc warrior
   880 | D:6      | Killed an orc warrior
   880 | D:6      | Reached XP level 7. HP: 40/62 MP: 7/7
   940 | D:6      | Noticed Blork the orc
   953 | D:6      | Killed Blork the orc
   959 | D:6      | Gained mutation: Your spells are a little easier to cast, but a little less powerful. [mutagenic meat]
   960 | D:6      | Gained mutation: You are frail (-10% HP). [mutagenic meat]
   961 | D:6      | Gained mutation: Potions and wands are less effective at restoring your health. [mutagenic meat]
   962 | D:6      | Gained mutation: You have a pair of small antennae on your head. [mutagenic meat]
  1123 | D:7      | Noticed Dowan
  1124 | D:7      | Noticed Duvessa
  1131 | D:7      | Killed Dowan
  1131 | D:7      | Reached skill level 7 in Axes
  1137 | D:7      | Killed Duvessa
  1197 | D:7      | Reached XP level 8. HP: 62/62 MP: 8/8
  1231 | D:7      | Reached skill level 8 in Axes
  1340 | D:7      | Got a faintly glowing helmet
  1346 | D:7      | Identified the +0 helmet "Hosixka" {Int+4 Dex-4 Slay+5 Stlth+} (You found it on level 7 of the Dungeon)
  1347 | D:7      | :(
  1416 | D:7      | Found an oddly glowing altar of Pakellas.
  1438 | D:7      | Reached skill level 5 in Armour
  1505 | D:7      | Noticed Prince Ribbit
  1523 | D:8      | Noticed Joseph
  1548 | D:7      | Noticed Prince Ribbit
  1548 | D:7      | Prince Ribbit changed into Prince Ribbit the basilisk
  1778 | D:8      | Found a shimmering altar of Xom.
  1804 | D:8      | Reached skill level 9 in Axes
  1959 | D:8      | Noticed a yak
  1959 | D:8      | Noticed a yak
  1970 | D:8      | Noticed a yak
  1973 | D:8      | Noticed a yak
  1980 | D:8      | Killed a yak
  1981 | D:8      | Killed a yak
  1981 | D:8      | Reached XP level 9. HP: 67/67 MP: 9/9
  1988 | D:8      | Reached skill level 10 in Axes
  2189 | D:8      | Lost mutation: You have a pair of small antennae on your head. [mutagenic meat]
  2190 | D:8      | Gained mutation: You are partially covered in molten scales (AC +1). [mutagenic meat]
  2191 | D:8      | Gained mutation: You have sharp fingernails. [mutagenic meat]
  2381 | D:10     | Entered Level 10 of the Dungeon
  2381 | D:10     | Noticed a troll
  2389 | D:10     | Killed a troll
  2414 | D:10     | Noticed a hill giant
  2428 | D:10     | Killed a hill giant
  2428 | D:10     | Reached skill level 11 in Axes
  2428 | D:10     | Reached skill level 1 in Evocations
  2554 | D:10     | Reached XP level 10. HP: 70/75 MP: 11/11
  2596 | D:10     | Lost mutation: Your spells are a little easier to cast, but a little less powerful. [potion of cure mutation]
  2596 | D:10     | Lost mutation: Potions and wands are less effective at restoring your health. [potion of cure mutation]
  2596 | D:10     | Lost mutation: You are frail (-10% HP). [potion of cure mutation]
  2596 | D:10     | Lost mutation: You have sharp fingernails. [potion of cure mutation]
  2596 | D:10     | Lost mutation: You are partially covered in molten scales (AC +1). [potion of cure mutation]
  2616 | D:9      | Gained mutation: You are weak. (Str -2) [potion of mutation]
  2616 | D:9      | Gained mutation: You are partially covered in rugged brown scales (AC +1, +3% HP). [potion of mutation]
  2786 | D:10     | Found a burning altar of Makhleb.
  2798 | D:10     | kak: Got a min dude?
  2915 | D:9      | kak: Not sure how to dispose of asmodeus
  3120 | D:10     | Noticed a hill giant
  3136 | D:10     | Killed a hill giant
  3136 | D:10     | Reached skill level 12 in Axes
  3253 | D:10     | Reached *** piety under Trog
  3299 | D:11     | 4thArraOfDagon: hi
  3299 | D:11     | 4thArraOfDagon: sure
  3318 | D:10     | kak: Ill open up then
  3337 | D:11     | kak: ___>
  3338 | D:11     | 4thArraOfDagon: lets go!
  3484 | D:11     | Reached XP level 11. HP: 92/92 MP: 14/14
  3550 | D:11     | Reached skill level 5 in Evocations
  3597 | D:11     | Reached skill level 13 in Axes
  3659 | D:11     | Found a staircase to the Lair.
  3763 | D:11     | Noticed a seven-headed hydra
  3997 | D:9      | WOW
  4271 | D:9      | Reached **** piety under Trog
  4304 | D:9      | Found a roughly hewn altar of Beogh.
  4305 | D:9      | Found a staircase to the Orcish Mines.
  4519 | Orc:1    | Entered Level 1 of the Orcish Mines
  4635 | Orc:1    | Found Xixecox's General Store.
  4638 | Orc:1    | Bought a scroll of enchant weapon for 90 gold pieces
  4638 | Orc:1    | Bought a scroll of enchant weapon for 90 gold pieces
  4638 | Orc:1    | Bought a scroll of identify for 24 gold pieces
  4805 | Orc:2    | Entered Level 2 of the Orcish Mines
  4820 | Orc:2    | Noticed an orc knight
  4820 | Orc:2    | Noticed a stone giant
  4822 | Orc:2    | HP: 4/92 [stone giant/large rock (27)]
  4823 | Orc:2    | Noticed an orc high priest
  4831 | Orc:1    | Killed an orc knight
  4908 | Orc:2    | Killed a stone giant
  4911 | Orc:2    | Killed an orc high priest
  4911 | Orc:2    | Reached skill level 14 in Axes
  4911 | Orc:2    | Reached XP level 12. HP: 80/101 MP: 16/16
  4939 | Orc:2    | Noticed an orc high priest
  4956 | Orc:2    | Killed an orc high priest
  4998 | Orc:2    | Found Plog's General Store.
  5007 | Orc:2    | Bought a scroll of identify for 30 gold pieces
  5007 | Orc:2    | Bought a scroll of identify for 30 gold pieces
  5177 | Orc:2    | Found a staircase to the Elven Halls.
  5246 | Orc:2    | Noticed an orc high priest
  5272 | Orc:2    | Killed an orc high priest
  5272 | Orc:2    | Reached skill level 5 in Fighting
  5338 | Orc:2    | Noticed an orc high priest
  5406 | Orc:2    | Noticed a soul eater
  5406 | Orc:2    | Killed an orc high priest
  5454 | Orc:2    | Found Zieclye's Antique Weapon Boutique.
  5462 | Orc:2    | Received a gift from Trog
  5701 | Orc:2    | Found Jaufreunass's Antique Armour Shop.
  5725 | Orc:2    | Noticed an orc high priest
  5740 | Orc:2    | Killed an orc high priest
  5740 | Orc:2    | Reached skill level 15 in Axes
  5752 | Orc:2    | Found Cedugy's Jewellery Shop.
  5950 | Orc:2    | Noticed an orc warlord
  5972 | Orc:2    | Killed an orc warlord
  5986 | Orc:2    | HP: 2/108 [troll[an orc warlord] (5)]
  6019 | Orc:2    | Noticed an orc high priest
  6021 | Orc:2    | Received a gift from Trog
  6079 | Orc:2    | Noticed a soul eater
  6124 | Orc:2    | Gained mutation: You can use your snake-like lower body to constrict enemies. [Naga growth]
  6124 | Orc:2    | Reached XP level 13. HP: 112/115 MP: 17/17
  6260 | Orc:2    | Bought a potion of resistance for 150 gold pieces
  6270 | Orc:2    | Noticed an orc warlord
  6287 | Orc:2    | Killed an orc warlord
  6287 | Orc:2    | Reached skill level 10 in Armour
  6333 | Orc:2    | Noticed an orc warlord
  6347 | Orc:2    | Killed an orc warlord
  6368 | Orc:2    | Reached skill level 16 in Axes
  6418 | Orc:2    | Identified the Guide on the Escort
  6445 | Orc:2    | Identified Mubiud's Collected Works on the Escort
  6576 | Lair:1   | Entered Level 1 of the Lair of Beasts
  7105 | Lair:2   | Reached skill level 5 in Dodging
  7105 | Lair:2   | Reached XP level 14. HP: 115/127 MP: 18/18
  7259 | Lair:2   | Reached ***** piety under Trog
  7465 | Lair:3   | Found a staircase to the Shoals.
  7519 | Lair:3   | Found a dark tunnel.
  7537 | Volcano  | Entered a volcano
  7723 | Lair:3   | Received a gift from Trog
  7746 | Lair:3   | Got a heavily jewelled robe
  7915 | Lair:4   | Noticed Galewind's ghost (journeyman DECj)
  7927 | Lair:3   | Reached XP level 15. HP: 115/138 MP: 19/19
  8013 | Lair:5   | Found a staircase to the Snake Pit.
  8030 | Lair:5   | Reached skill level 17 in Axes
  8720 | Lair:6   | Gained mutation: Your magical capacity is low (-10% MP). [potion of mutation]
  8720 | Lair:6   | Gained mutation: You are frail (-10% HP). [potion of mutation]
  8720 | Lair:6   | Gained mutation: You are very frail (-20% HP). [potion of mutation]
  8721 | Lair:6   | Lost mutation: You are weak. (Str -2) [potion of cure mutation]
  8721 | Lair:6   | Lost mutation: You are very frail (-20% HP). [potion of cure mutation]
  8721 | Lair:6   | Lost mutation: Your magical capacity is low (-10% MP). [potion of cure mutation]
  8721 | Lair:6   | Lost mutation: You are frail (-10% HP). [potion of cure mutation]
  8753 | Lair:7   | Found a viscous altar of Jiyva.
  8753 | Lair:7   | Found a staircase to the Slime Pits.
  8893 | Lair:7   | Identified the +1 robe "Puukhoq" {Dex+3 Slay+2 Stlth+} (You found it on level 3 of the Lair of Beasts)
  9051 | Lair:8   | Entered Level 8 of the Lair of Beasts
  9063 | Lair:8   | Received a gift from Trog
  9112 | Lair:8   | Reached skill level 18 in Axes
  9287 | Lair:8   | Reached skill level 10 in Fighting
  9655 | Lair:8   | Reached XP level 16. HP: 136/150 MP: 20/20
  9699 | Lair:8   | Identified Xiolas's Guide on Cankerous Attacks
 10125 | Snake:1  | Entered Level 1 of the Snake Pit
 10325 | Snake:1  | Got a flickering silver ring
 10331 | Snake:1  | Identified the ring "Hoakhuir" {*Contam rPois rC+ rN+ Str+2} (You found it on level 1 of the Snake Pit)
 10409 | Snake:1  | Noticed Aizul
 10424 | Snake:1  | Killed Aizul
 10439 | Snake:1  | Gained mutation: You are clumsy. (Dex -2) [potion of mutation]
 10439 | Snake:1  | Gained mutation: You expend magic power (3 MP) to strengthen your wands. [potion of mutation]
 10439 | Snake:1  | Lost mutation: You are partially covered in rugged brown scales (AC +1, +3% HP). [potion of mutation]
 10474 | Snake:1  | Gained mutation: You are very clumsy. (Dex -4) [mutagenic meat]
 10475 | Snake:1  | Gained mutation: You have a beak for a mouth. [mutagenic meat]
 10476 | Snake:1  | Gained mutation: You are occasionally teleported next to monsters. [mutagenic meat]
 10477 | Snake:1  | Gained mutation: Your spells are a little easier to cast, but a little less powerful. [mutagenic meat]
 10479 | Snake:1  | !!!!
 10734 | Snake:2  | Reached skill level 19 in Axes
 10840 | Snake:2  | Noticed a greater naga
 10847 | Snake:2  | Killed a greater naga
 10885 | Snake:2  | Found Wesiholu's Assorted Antiques.
 10894 | Snake:2  | Bought a scroll of teleportation for 90 gold pieces
 10894 | Snake:2  | Bought a scroll labeled ROEPUIROECH for 30 gold pieces
 10894 | Snake:2  | Bought a scroll of teleportation for 90 gold pieces
 10894 | Snake:2  | Bought a scroll of identify for 60 gold pieces
 10894 | Snake:2  | Bought a scroll of identify for 60 gold pieces
 10894 | Snake:2  | Bought a potion of curing for 90 gold pieces
 10931 | Snake:2  | Received a gift from Trog
 11510 | Snake:3  | Noticed a greater naga
 11524 | Snake:3  | Killed a greater naga
 11639 | Snake:4  | Entered Level 4 of the Snake Pit
 11779 | Snake:3  | HP: 7/152 [mana viper (13)]
 11779 | Snake:3  | HP: 3/152 [anaconda (3)]
 11779 | Snake:3  | Mangled by a naga ritualist

Vault maps used:
D:1:      evilmike_arrival_rings, minmay_bisected
D:2:      tgw_trog, fedhas_altar_fruit_tree, uniq_terence
D:3:      grunt_temple_overflow_open, serial_glass, glass_columns_a,
          glass_columns_a, uniq_natasha, uniq_iyjb
D:4:      grunt_qazlal_sundering
D:5:      minmay_overflow_temple_star_quad, first_bread,
          minmay_misc_feat_more_columns, uniq_pikel
D:6:      temple_hall, serial_shops, nicolae_shop_behind_doors,
          minmay_mini_ossuary, uniq_blork_the_orc
D:7:      grunt_pakellas_mercury, uniq_prince_ribbit1, uniq_duvessa
D:8:      basic_altar, uniq_joseph
D:9:      david_orc_5, david_nohive_1, grunt_ministairs_11,
          kennysheep_decorative_pillar
D:10:     basic_altar
D:11:     minmay_lair_entry_grove, nrook_pool_corridor
Lair:2:   grunt_megastairs_2, lemuel_fruit_fields, lemuel_fruit_fields,
          infiniplex_staircase_pool
Lair:3:   elwin_shoals_entry_stream, nicolae_volcano_entry_lava_flow,
          lemuel_fruit_tree
Lair:5:   minmay_snake_entry_guardpost_small, serial_bayou_shore_a,
          grunt_megastairs_5
Lair:6:   kennysheep_basilisk_garden
Lair:7:   slime_altar_1
Lair:8:   grunt_lair_end_beastmaster
Snake:1:  serial_bayou_lake_a, uniq_aizul
Snake:2:  dpeg_oklob_gauntlet, serial_shops, shop, serial_bayou_pond_c,
          hangedman_snake_corridor_split
Snake:4:  grunt_snake_rune_pools, basic_altar
Orc:1:    serial_shops, nicolae_shop_window_shopping
Orc:2:    grunt_orc_gardens, grunt_orc_garden, grunt_orc_garden,
          grunt_orc_garden, grunt_orc_garden, minmay_orc_treasury
Volcano:  volcano_pools

Skill      XL: |  1  2  3  4  5  6  7  8  9 10 11 12 13 14 15 16 |
---------------+-------------------------------------------------+-----
Axes           | 4 5 6 7 9 11 12 14 15 16 18 19 | 19.5
Armour         | 2 3 4 5 6 7 8 9 10 11 12 | 12.4
Evocations     | 2 4 6 |  6.2
Fighting       | 4 6 7 8 10 11 | 11.7
Dodging        | 5 6 |  6.1

Action                   |  1- 3 |  4- 6 |  7- 9 | 10-12 | 13-15 | 16-18 || total
-------------------------+-------+-------+-------+-------+-------+-------++-------
Melee: Hand axe          |    27 |    71 |   243 |    39 |       |       ||   380
       War axe           |       |       |       |   491 |       |       ||   491
       Battleaxe         |       |       |       |   118 |   632 |   347 ||  1097
       Broad axe         |       |       |       |    14 |       |       ||    14
Invok: Berserk           |     2 |     6 |    16 |    40 |    19 |     9 ||    92
       Trog's Hand       |       |     1 |     7 |    21 |    20 |    15 ||    64
       Brothers in Arms  |       |       |       |     4 |       |     2 ||     6
 Abil: Spit Poison       |     8 |     8 |    17 |    22 |       |       ||    55
Evoke: Wand              |       |     2 |     4 |     4 |       |     3 ||    13
       Sack of spiders   |       |       |     2 |     4 |     3 |       ||     9
  Use: Potion            |       |     1 |     2 |     7 |     5 |     2 ||    17
       Scroll            |       |     2 |     4 |     8 |     7 |    12 ||    33
 Stab: Invisible         |       |       |       |     5 |       |       ||     5
       Sleeping          |       |       |       |       |       |     1 ||     1
  Eat: Chunk             |       |     4 |    26 |    54 |    31 |    17 ||   132
       Meat ration       |       |     1 |       |       |       |       ||     1
       Pizza             |       |       |     1 |     1 |       |     1 ||     3
       Bread ration      |       |       |     1 |       |       |       ||     1
       Fruit             |       |       |       |       |     1 |     3 ||     4
       Beef jerky        |       |       |       |       |     1 |     1 ||     2
       Royal jelly       |       |       |       |       |       |     1 ||     1
